AoeStats
← scrappy_18

Pilgrims

508563355Analyzed
2v2 RM · 9d ago on Sep 23, 2026· 39m 14s· 4 players
Game mode
Random Map
Map size
Medium (4 player)
Population
200
Speed
Normal
Resources
Standard
Victory
Conquest
Starting age
Dark Age
Ending age
Imperial Age
RankedLock teamsTeams togetherTeam positionsShared explorationLock speedFull tech treeHidden civsTurbo modeCheats
Victory
Defeat
🇨🇦 Danes · Canada
1135
+18
🇨🇦 Varangians · Canada
1126
+18
🇨🇴 Poles · Colombia
1218
-20
🇨🇴 Japanese · Colombia
1133
-16
Kriptico
4:18 Loom
12:02 Feudal Age
17:45 Castle Age
15:45 Double-Bit Axe
15:47 Horse Collar
17:56 Wheelbarrow
18:41 Bow Saw
18:34 Heavy Plow
20:31 Town Watch
25:14 Fletching
29:05 Imperial Age
27:08 Hand Cart
28:54 Forging
28:51 Scale Barding Armor
28:54 Szlachta Privileges
29:02 Bodkin Arrow
31:12 Iron Casting
30:58 Chain Barding Armor
30:38 Cavalier
31:30 Bloodlines
32:34 Husbandry
34:11 Bracer
35:15 Chemistry
NTM.W.ALARCON
7:38 Loom
9:47 Feudal Age
16:05 Castle Age
14:20 Horse Collar
16:08 Scale Mail Armor
19:39 Wheelbarrow
19:52 Chain Mail Armor
20:24 Gold Mining
21:01 Fletching
24:13 Forging
25:55 Stone Mining
36:05 Imperial Age
36:08 Iron Casting
36:31 Heavy Plow
37:59 Plate Mail Armor
38:45 Conscription
38:37 Bodkin Arrow
jrewdavis
10:45 Feudal Age
9:48 Loom
12:18 Double-Bit Axe
13:58 Wheelbarrow
19:08 Castle Age
17:08 Stone Mining
17:09 Gold Mining
19:26 Fishing Lines
20:12 Gillnets
23:48 Forging
23:43 Scale Barding Armor
26:27 Iron Casting
26:52 Hand Cart
26:22 Town Watch
27:59 Bloodlines
27:50 Husbandry
29:46 Bow Saw
33:52 Imperial Age
35:27 Conscription
35:52 Stone Shaft Mining
34:43 Elite Jarl
38:22 Two-Man Saw
39:46 Blast Furnace
39:07 Chain Barding Armor
38:38 Fletching
scrappy_18
6:05 Loom
11:32 Feudal Age
16:30 Castle Age
14:34 Arson
15:08 Forging
17:10 Scale Mail Armor
17:13 Gambesons
17:30 Squires
18:04 Fishing Lines
19:07 Iron Casting
22:36 Gillnets
23:26 Chain Mail Armor
24:12 Horse Collar
29:38 Wheelbarrow
31:07 Heavy Plow
30:54 Double-Bit Axe
36:09 Imperial Age
33:33 Hamask
34:41 Bow Saw
36:44 Elite Jomsviking
37:48 Conscription
40:35 Blast Furnace
Connection lost

Rejoining the realm…

Still unreachable

The connection could not be restored.

Session expired

The server has moved on; the page needs a fresh start.